WCHLSIM.com - West Coast Hockey League
html PUBLIC "-//W3C//DTD XHTML 1.0 Transitional//EN" "http://www.w3.org/TR/xhtml1/DTD/xhtml1-transitional.dtd"> WCHL - Game 660 - RENO LIONS vs EDMONTON ICE

RENO LIONS vs EDMONTON ICE

Created - 15 janvier 2024 at 11:19

Goals
1 2 3 OT1 T
RENO LIONS 1 0 1 0 2
EDMONTON ICE 2 0 0 1 3
Shots
1 2 3 OT1 T
RENO LIONS 6 12 10 0 28
EDMONTON ICE 12 6 5 5 28

1st period

1. EDMONTON ICE , Thomas Novak 14 (Scott Laughton 26, Joshua Mahura 2) at 9:42
2. EDMONTON ICE , Dawson Mercer 16 (Anthony Beauvillier 13, Jarred Tinordi 9) at 17:51
3. RENO LIONS , Marcus Foligno 6 (Oliver Ekman-Larsson 7, Dylan Strome 11) at 19:06

Penalties :
Patrick Brown (REN) for Slashing (Minor) at 0:58, Tanner Jeannot (EDM) for Tripping (Minor) at 10:07

2nd period

No Goal

Penalties :
Connor Carrick (EDM) for Holding (Minor) at 9:59

3rd period

4. RENO LIONS , Mattias Samuelsson 1 (Alex Steeves 1, Ethan Bear 5) at 13:08

Penalties :
Jarred Tinordi (EDM) for Hooking (Minor) at 4:29, Anthony Mantha (EDM) for High sticking (Double Minor) at 8:50

Overtime #1

5. EDMONTON ICE , Jack Eichel 26 (Alex Tuch 32, Michael Matheson 24) at 3:24

Penalties :
No Penalty

Goalie Stats

Stuart Skinner (REN), 25 saves from 28 shots - (0,893), OTL, 16-14-4, 63:25 minutes
Jonathan Quick (EDM), 26 saves from 28 shots - (0,929), W, 3-2-0, 63:25 minutes

Players Stats for RENO LIONS

Player Name              G  A  P  +/- PIM S  H  SB GA TA FO     MP     PP MP  PK MP  
------------------------------------------------------------------------------------
Alex Steeves             0  1  1   0  0   0  0  0  0  0  4/4     4:28   0:00   0:00 
Andreas Johnsson         0  0  0   0  0   0  0  0  0  0  0/1     4:28   0:00   0:00 
Brady Skjei              0  0  0  -1  0   0  3  2  0  0  0/0    27:32   5:11   1:05 
Dylan Strome             0  1  1   1  0   2  0  0  0  0  2/2    21:04   3:54   0:00 
Elias Pettersson         0  0  0  -1  0   1  0  1  0  0  0/4    26:14   6:02   1:05 
Ethan Bear               0  1  1  -1  0   0  0  2  0  0  0/0    12:56   0:13   0:54 
Justin Schultz           0  0  0   1  0   1  0  0  0  0  0/0    21:55   4:32   0:00 
Juuso Valimaki           0  0  0  -2  0   1  0  2  0  0  0/0    17:14   4:50   0:54 
Kirill Kaprizov          0  0  0  -1  0   7  2  0  0  0  1/2    26:19   6:02   0:54 
Marcus Foligno           1  0  1   1  0   3  3  0  0  0  0/1    17:21   0:00   0:00 
Marian Studenic          0  0  0   0  0   1  2  0  0  0  0/0     4:28   0:00   0:00 
Mattias Samuelsson       1  0  1   1  0   1  1  4  0  0  0/0    22:26   0:00   1:05 
Nicholas Ritchie         0  0  0  -1  0   1  1  0  0  0  0/1     9:27   0:00   0:00 
Nick Bjugstad            0  0  0   1  0   8  1  0  0  0  18/27  22:20   3:54   1:05 
Oliver Ekman-Larsson     0  1  1   1  0   2  1  2  0  0  0/0    21:22   5:06   0:00 
Patrick Brown            0  0  0  -1  2   0  1  0  0  0  0/0     9:26   0:00   0:00 
Pierre-Luc Dubois        0  0  0   0  0   0  1  0  0  0  20/34  25:54   6:02   0:54 
Trent Frederic           0  0  0  -1  0   0  0  0  0  0  4/15   13:21   3:54   0:00 

Players Stats for EDMONTON ICE

Player Name              G  A  P  +/- PIM S  H  SB GA TA FO     MP     PP MP  PK MP  
------------------------------------------------------------------------------------
Alex Tuch                0  1  1  -1  0   6  0  0  0  0  2/3    20:05   1:09   0:00 
Anthony Beauvillier      0  1  1   1  0   3  2  0  0  0  2/4    15:35   1:09   0:17 
Anthony Mantha           0  0  0   1  4   0  0  0  0  0  3/3    11:12   0:00   0:33 
Anton Lundell            0  0  0   0  0   0  0  1  0  0  7/16    9:45   0:00   6:16 
Connor Carrick           0  0  0  -1  2   0  2  0  0  0  0/0    15:39   0:50   0:00 
Dawson Mercer            1  0  1   1  0   7  0  0  0  0  8/17   13:40   0:50   1:35 
Evgeny Dadonov           0  0  0   1  0   1  0  0  0  0  0/0    19:51   0:00   3:12 
Gustav Nyquist           0  0  0  -2  0   2  0  0  0  0  0/0    19:02   0:50   0:00 
Jack Eichel              1  0  1  -1  0   5  1  2  0  0  10/26  20:21   1:09   0:00 
Jarred Tinordi           0  1  1   1  2   0  1  0  0  0  0/0    15:21   0:00   3:33 
Joshua Mahura            0  1  1   1  0   0  1  0  0  0  0/0     3:59   0:00   0:11 
Michael Matheson         0  1  1   0  0   0  4  2  0  0  0/0    25:02   1:09   5:06 
Ryan Graves              0  0  0   0  0   0  1  0  0  0  0/0    24:43   0:50   4:40 
Scott Laughton           0  1  1   1  0   2  6  1  0  0  2/4    21:52   0:50   3:12 
Shea Theodore            0  0  0  -1  0   0  1  2  0  0  0/0    21:54   1:09   1:26 
Tanner Jeannot           0  0  0   0  2   0  1  0  0  0  0/0     8:15   0:00   4:47 
Thomas Novak             1  0  1   1  0   1  1  0  0  0  8/18   17:14   0:00   0:00 
Zach Whitecloud          0  0  0   1  0   1  0  0  0  0  0/0    16:45   0:00   4:56 

3 Stars

1 - Scott Laughton (EDM)
2 - Marcus Foligno (REN)
3 - Mattias Samuelsson (REN)

Power Play

RENO LIONS - 0 on 5 Attempt(s) - 0,00%
EDMONTON ICE - 0 on 1 Attempt(s) - 0,00%

Penalty Kill

RENO LIONS - 1 on 1 Attempt(s) - 100,00% - Score 0 goal in Penalty Kill
EDMONTON ICE - 5 on 5 Attempt(s) - 100,00% - Score 0 goal in Penalty Kill

Team Stat

RENO LIONS - Hits : 16 - Faceoff Wins : 49 - Blocked Shots : 13 - Penalty Minutes : 2
EDMONTON ICE - Hits : 21 - Faceoff Wins : 42 - Blocked Shots : 8 - Penalty Minutes : 10

Official

Referees : Dan O'Rourke and Mike Campbell
Linesman : Neil Campbell and Brendan Lewis

Game Notes

No Game Note

Finance

Level 1 -- Attendance: 4182 (69,70%) -- Ticket Income 878 220 $
Level 2 -- Attendance: 4064 (81,28%) -- Ticket Income 568 960 $
Level 3 -- Attendance: 1669 (83,45%) -- Ticket Income 183 590 $
Level 4 -- Attendance: 3385 (56,42%) -- Ticket Income 287 725 $
Luxury Box -- Attendance: 794 (79,40%) -- Ticket Income 297 750 $
Total Attendance: 14094 (70,47%)
Total Ticket Income: 2 216 245 $
Other Expense: 22 162 $
Total Income: 2 194 083 $

RENO LIONS

5 vs 5 Forward 
   Center                   Left Wing                Right Wing               Time % Phy DF OF 
 1 Pierre-Luc Dubois        Kirill Kaprizov          Elias Pettersson         35     0   1  4  
 2 Nick Bjugstad            Marcus Foligno           Dylan Strome             35     0   2  3  
 3 Trent Frederic           Nicholas Ritchie         Patrick Brown            20     1   3  1  
 4 Alex Steeves             Andreas Johnsson         Marian Studenic          10     2   3  0  

5 vs 5 Defense 
   Defense                  Defense                                           Time % Phy DF OF 
 1 Mattias Samuelsson       Brady Skjei                                       35     1   2  2  
 2 Oliver Ekman-Larsson     Justin Schultz                                    35     1   2  2  
 3 Ethan Bear               Juuso Valimaki                                    20     1   2  2  
 4 Mattias Samuelsson       Brady Skjei                                       10     1   2  2  

PowerPlay Forward 
   Center                   Left Wing                Right Wing               Time % Phy DF OF 
 1 Pierre-Luc Dubois        Kirill Kaprizov          Elias Pettersson         65     0   0  5  
 2 Nick Bjugstad            Trent Frederic           Dylan Strome             35     0   0  5  

PowerPlay Defense
   Defense                  Defense                                           Time % Phy DF OF 
 1 Justin Schultz           Juuso Valimaki                                    60     1   2  2  
 2 Brady Skjei              Oliver Ekman-Larsson                              40     1   2  2  

Penalty Kill 4 Players Forward 
   Center                   Wing                     Time % Phy DF OF 
 1 Elias Pettersson         Nick Bjugstad            55     1   3  1  
 2 Pierre-Luc Dubois        Kirill Kaprizov          45     1   3  1  

Penalty Kill 4 Players Defense
   Defense                  Defense                  Time % Phy DF OF 
 1 Mattias Samuelsson       Brady Skjei              55     1   3  1  
 2 Ethan Bear               Juuso Valimaki           45     1   3  1  

Penalty Kill - 3 Players Forward 
   Forward                                           Time % Phy DF OF 
 1 Andreas Johnsson                                  55     1   4  0  
 2 Marian Studenic                                   45     1   4  0  

Penalty Kill - 3 Players Defense
   Defense                  Defense                  Time % Phy DF OF 
 1 Ethan Bear               Juuso Valimaki           55     1   4  0  
 2 Mattias Samuelsson       Brady Skjei              45     1   4  0  

4 vs 4 Forward 
   Center                   Wing                     Time % Phy DF OF 
 1 Patrick Brown            Marcus Foligno           55     1   2  2  
 2 Alex Steeves             Nicholas Ritchie         45     1   2  2  

4 vs 4 Defense
   Defense                  Defense                  Time % Phy DF OF 
 1 Ethan Bear               Mattias Samuelsson       55     1   2  2  
 2 Justin Schultz           Oliver Ekman-Larsson     45     1   2  2  

Last Minutes Offensive
   Center                   Left Wing                Right Wing               Defense                  Defense                  
   Pierre-Luc Dubois        Kirill Kaprizov          Elias Pettersson         Justin Schultz           Brady Skjei              

Last Minutes Defensive
   Center                   Left Wing                Right Wing               Defense                  Defense                  
   Pierre-Luc Dubois        Elias Pettersson         Nick Bjugstad            Mattias Samuelsson       Brady Skjei              

Goaltenders
Starting : Stuart Skinner           
Backup : Elvis Merzlikins         

Extra Forwards
Normal : Dylan Strome, Marcus Foligno, Nicholas Ritchie - PP : Trent Frederic, Patrick Brown - PK : Andreas Johnsson
Extra Defensemen
Normal : Justin Schultz, Oliver Ekman-Larsson, Brady Skjei - PP : Justin Schultz - PK : Mattias Samuelsson, Brady Skjei
Penalty Shots
Kirill Kaprizov, Elias Pettersson, Pierre-Luc Dubois, Dylan Strome, Nick Bjugstad
Custom OT Lines Forwards
Elias Pettersson, Kirill Kaprizov, Pierre-Luc Dubois, Dylan Strome, Nick Bjugstad, Marcus Foligno, Nicholas Ritchie, Trent Frederic, Patrick Brown, Marian Studenic
Custom OT Lines Defensemen
Brady Skjei, Justin Schultz, Mattias Samuelsson, Oliver Ekman-Larsson, Juuso Valimaki

Scratches
Ilya Mikheyev (Left Hand Injury)

EDMONTON ICE

5 vs 5 Forward 
   Center                   Left Wing                Right Wing               Time % Phy DF OF 
 1 Jack Eichel              Gustav Nyquist           Alex Tuch                36     0   2  3  
 2 Thomas Novak             Scott Laughton           Evgeny Dadonov           33     1   2  2  
 3 Dawson Mercer            Anthony Beauvillier      Anthony Mantha           24     1   3  1  
 4 Anton Lundell            Anthony Beauvillier      Tanner Jeannot           7      0   3  2  

5 vs 5 Defense 
   Defense                  Defense                                           Time % Phy DF OF 
 1 Shea Theodore            Michael Matheson                                  37     1   2  2  
 2 Connor Carrick           Ryan Graves                                       32     0   3  2  
 3 Zach Whitecloud          Jarred Tinordi                                    23     0   4  1  
 4 Ryan Graves              Joshua Mahura                                     8      0   3  2  

PowerPlay Forward 
   Center                   Left Wing                Right Wing               Time % Phy DF OF 
 1 Jack Eichel              Anthony Beauvillier      Alex Tuch                60     1   2  2  
 2 Dawson Mercer            Scott Laughton           Gustav Nyquist           40     1   2  2  

PowerPlay Defense
   Defense                  Defense                                           Time % Phy DF OF 
 1 Shea Theodore            Michael Matheson                                  60     0   2  3  
 2 Ryan Graves              Connor Carrick                                    40     0   2  3  

Penalty Kill 4 Players Forward 
   Center                   Wing                     Time % Phy DF OF 
 1 Anton Lundell            Tanner Jeannot           60     0   5  0  
 2 Scott Laughton           Evgeny Dadonov           40     0   5  0  

Penalty Kill 4 Players Defense
   Defense                  Defense                  Time % Phy DF OF 
 1 Michael Matheson         Zach Whitecloud          60     0   5  0  
 2 Jarred Tinordi           Ryan Graves              40     0   5  0  

Penalty Kill - 3 Players Forward 
   Forward                                           Time % Phy DF OF 
 1 Anton Lundell                                     55     0   4  1  
 2 Thomas Novak                                      45     0   4  1  

Penalty Kill - 3 Players Defense
   Defense                  Defense                  Time % Phy DF OF 
 1 Zach Whitecloud          Ryan Graves              55     0   5  0  
 2 Michael Matheson         Jarred Tinordi           45     0   5  0  

4 vs 4 Forward 
   Center                   Wing                     Time % Phy DF OF 
 1 Dawson Mercer            Gustav Nyquist           55     1   2  2  
 2 Thomas Novak             Evgeny Dadonov           45     1   2  2  

4 vs 4 Defense
   Defense                  Defense                  Time % Phy DF OF 
 1 Shea Theodore            Michael Matheson         55     1   2  2  
 2 Zach Whitecloud          Jarred Tinordi           45     1   2  2  

Last Minutes Offensive
   Center                   Left Wing                Right Wing               Defense                  Defense                  
   Jack Eichel              Scott Laughton           Alex Tuch                Shea Theodore            Michael Matheson         

Last Minutes Defensive
   Center                   Left Wing                Right Wing               Defense                  Defense                  
   Scott Laughton           Gustav Nyquist           Alex Tuch                Shea Theodore            Michael Matheson         

Goaltenders
Starting : Jonathan Quick           
Backup : Vitek Vanecek            

Extra Forwards
Normal : Dawson Mercer, Anthony Beauvillier, Anton Lundell - PP : Thomas Novak, Dawson Mercer - PK : Dawson Mercer
Extra Defensemen
Normal : Shea Theodore, Michael Matheson, Ryan Graves - PP : Connor Carrick - PK : Ryan Graves, Shea Theodore
Penalty Shots
Alex Tuch, Jack Eichel, Thomas Novak, Dawson Mercer, Gustav Nyquist
Custom OT Lines Forwards
Alex Tuch, Jack Eichel, Scott Laughton, Gustav Nyquist, Dawson Mercer, Thomas Novak, Anthony Beauvillier, Anton Lundell, Evgeny Dadonov, Anthony Mantha
Custom OT Lines Defensemen
Shea Theodore, Michael Matheson, Ryan Graves, Zach Whitecloud, Connor Carrick

Scratches
Austin Watson (Healthy), Justin Barron (Strained Left Elbow Injury), Jonas Brodin (Strained Right Elbow Injury)

% Time on Ice - RENO LIONS

Lines # - Real PCT - Wanted PCT - Time Play
Normal Forward
1 - 37% - 35% - 17:51
2 - 34% - 35% - 16:19
3 - 20% - 20% - 9:27
4 - 9% - 10% - 4:28
Normal Defense
1 - 36% - 35% - 17:29
2 - 34% - 35% - 16:16
3 - 24% - 20% - 11:30
4 - 6% - 10% - 2:50
PP Forward
1 - 61% - 65% - 6:02
2 - 39% - 35% - 3:54
PP Defense
1 - 49% - 60% - 4:50
2 - 51% - 40% - 5:06
PK Forward
1 - 55% - 55% - 1:05
2 - 45% - 45% - 0:54
PK Defense
1 - 55% - 55% - 1:05
2 - 45% - 45% - 0:54
PK3 Forward
1 - 0% - 55%
2 - 0% - 45%
PK3 Defense
1 - 0% - 55%
2 - 0% - 45%
44 Forward
1 - 0% - 55%
2 - 0% - 45%
44 Defense
1 - 0% - 55%
2 - 0% - 45%
Last Minute Offensive  - 0:00
Last Minute Defensive  - 0:00
Total
Forward - 60:00
Defense - 60:00

% Time on Ice - EDMONTON ICE

Lines # - Real PCT - Wanted PCT - Time Play
Normal Forward
1 - 36% - 36% - 17:17
2 - 35% - 33% - 16:39
3 - 22% - 24% - 10:40
4 - 7% - 7% - 3:29
Normal Defense
1 - 37% - 37% - 17:38
2 - 31% - 32% - 14:50
3 - 25% - 23% - 11:49
4 - 8% - 8% - 3:48
PP Forward
1 - 58% - 60% - 1:09
2 - 42% - 40% - 0:50
PP Defense
1 - 58% - 60% - 1:09
2 - 42% - 40% - 0:50
PK Forward
1 - 68% - 60% - 6:44
2 - 32% - 40% - 3:12
PK Defense
1 - 53% - 60% - 5:16
2 - 47% - 40% - 4:40
PK3 Forward
1 - 0% - 55%
2 - 0% - 45%
PK3 Defense
1 - 0% - 55%
2 - 0% - 45%
44 Forward
1 - 0% - 55%
2 - 0% - 45%
44 Defense
1 - 0% - 55%
2 - 0% - 45%
Last Minute Offensive  - 0:00
Last Minute Defensive  - 0:00
Total
Forward - 60:00
Defense - 60:00

Play-by-Play

1st period


0:01 of 1st period - Alex Tuch wins face-off versus Pierre-Luc Dubois in neutral zone.
0:01 of 1st period - Alex Tuch is hit by Pierre-Luc Dubois.
0:18 of 1st period - Off-side.
0:19 of 1st period - Thomas Novak wins face-off versus Nick Bjugstad in neutral zone.
0:22 of 1st period - Nick Bjugstad is hit by Scott Laughton and loses puck.
0:33 of 1st period - Shot by Dylan Strome.
0:33 of 1st period - Shot Blocked by Scott Laughton.
0:35 of 1st period - Shot by Marcus Foligno.
0:35 of 1st period - Shot Misses the Net.
0:43 of 1st period - Shot by Dylan Strome.
0:43 of 1st period - Deflect By Nick Bjugstad.
0:43 of 1st period - Shot Misses the Net.
0:56 of 1st period - Off-side.
0:57 of 1st period - Dawson Mercer wins face-off versus Trent Frederic in neutral zone.
0:57 of 1st period - Anthony Beauvillier is hit by Patrick Brown and loses puck.
0:58 of 1st period - Minor Penalty to Patrick Brown for Slashing.
0:59 of 1st period - Jack Eichel wins face-off versus Elias Pettersson in RENO LIONS zone.
1:00 of 1st period - Shot by Michael Matheson.
1:00 of 1st period - Shot Misses the Net.
1:02 of 1st period - Shot by Alex Tuch.
1:02 of 1st period - Shot Blocked by Mattias Samuelsson.
1:06 of 1st period - Shot by Alex Tuch.
1:06 of 1st period - Shot Blocked by Brady Skjei.
1:08 of 1st period - Shot by Michael Matheson.
1:08 of 1st period - Deflect By Alex Tuch.
1:08 of 1st period - Shot Blocked by Mattias Samuelsson.
1:14 of 1st period - Shot by Jack Eichel.
1:14 of 1st period - Shot Misses the Net.
1:16 of 1st period - Shot by Michael Matheson.
1:16 of 1st period - Shot Misses the Net.
1:28 of 1st period - Shot by Alex Tuch.
1:28 of 1st period - Stopped by Stuart Skinner without a rebound.
1:29 of 1st period - Dawson Mercer wins face-off versus Pierre-Luc Dubois in RENO LIONS zone.
2:00 of 1st period - Shot by Scott Laughton.
2:00 of 1st period - Stopped by Stuart Skinner with a rebound.
2:06 of 1st period - Shot by Scott Laughton.
2:06 of 1st period - Shot Blocked by Ethan Bear.
2:08 of 1st period - Shot by Ryan Graves.
2:08 of 1st period - Shot Misses the Net.
2:10 of 1st period - Shot by Scott Laughton.
2:10 of 1st period - Shot Misses the Net.
3:01 of 1st period - Icing by Oliver Ekman-Larsson.
3:02 of 1st period - Trent Frederic wins face-off versus Thomas Novak in RENO LIONS zone.
3:17 of 1st period - Shot by Scott Laughton.
3:17 of 1st period - Stopped by Stuart Skinner with a rebound.
3:19 of 1st period - Shot by Evgeny Dadonov.
3:19 of 1st period - Shot Blocked by Oliver Ekman-Larsson.
3:24 of 1st period - Icing by Justin Schultz.
3:25 of 1st period - Trent Frederic wins face-off versus Jack Eichel in RENO LIONS zone.
3:27 of 1st period - Icing by Justin Schultz.
3:28 of 1st period - Trent Frederic wins face-off versus Jack Eichel in RENO LIONS zone.
3:37 of 1st period - Shot by Nicholas Ritchie.
3:37 of 1st period - Stopped by Jonathan Quick without a rebound.
3:38 of 1st period - Pierre-Luc Dubois wins face-off versus Dawson Mercer in EDMONTON ICE zone.
3:39 of 1st period - Shot by Elias Pettersson.
3:39 of 1st period - Shot Misses the Net.
3:48 of 1st period - Off-side.
3:49 of 1st period - Pierre-Luc Dubois wins face-off versus Jack Eichel in neutral zone.
4:26 of 1st period - Shot by Alex Tuch.
4:26 of 1st period - Stopped by Stuart Skinner without a rebound.
4:27 of 1st period - Nick Bjugstad wins face-off versus Dawson Mercer in RENO LIONS zone.
5:24 of 1st period - Icing by Dylan Strome.
5:25 of 1st period - Nick Bjugstad wins face-off versus Thomas Novak in RENO LIONS zone.
5:44 of 1st period - Shot by Evgeny Dadonov.
5:44 of 1st period - Shot Blocked by Mattias Samuelsson.
5:46 of 1st period - Shot by Thomas Novak.
5:46 of 1st period - Shot Misses the Net.
5:48 of 1st period - Shot by Zach Whitecloud.
5:48 of 1st period - Stopped by Stuart Skinner without a rebound.
5:49 of 1st period - Pierre-Luc Dubois wins face-off versus Jack Eichel in RENO LIONS zone.
5:56 of 1st period - Shot by Jack Eichel.
5:56 of 1st period - Stopped by Stuart Skinner without a rebound.
5:57 of 1st period - Pierre-Luc Dubois wins face-off versus Jack Eichel in RENO LIONS zone.
6:30 of 1st period - Elias Pettersson is hit by Michael Matheson.
6:40 of 1st period - Shot by Gustav Nyquist.
6:40 of 1st period - Shot Misses the Net.
7:37 of 1st period - Off-side.
7:38 of 1st period - Anthony Mantha wins face-off versus Trent Frederic in neutral zone.
7:47 of 1st period - Shot by Dawson Mercer.
7:47 of 1st period - Shot Misses the Net.
7:49 of 1st period - Shot by Dawson Mercer.
7:49 of 1st period - Shot Blocked by Juuso Valimaki.
7:51 of 1st period - Shot by Dawson Mercer.
7:51 of 1st period - Shot Blocked by Ethan Bear.
7:53 of 1st period - Shot by Jarred Tinordi.
7:53 of 1st period - Shot Misses the Net.
8:07 of 1st period - Shot by Dawson Mercer.
8:07 of 1st period - Shot Misses the Net.
8:09 of 1st period - Shot by Anthony Beauvillier.
8:09 of 1st period - Stopped by Stuart Skinner with a rebound.
8:13 of 1st period - Shot by Dawson Mercer.
8:13 of 1st period - Shot Misses the Net.
8:17 of 1st period - Shot by Anthony Beauvillier.
8:17 of 1st period - Stopped by Stuart Skinner without a rebound.
8:18 of 1st period - Jack Eichel wins face-off versus Nick Bjugstad in RENO LIONS zone.
9:02 of 1st period - Alex Tuch is hit by Marcus Foligno and loses puck.
9:24 of 1st period - Icing by Thomas Novak.
9:25 of 1st period - Alex Steeves wins face-off versus Thomas Novak in EDMONTON ICE zone.
9:42 of 1st period - Shot by Thomas Novak.
9:42 of 1st period - Goal by Thomas Novak - RENO LIONS : 0 - EDMONTON ICE : 1.
9:43 of 1st period - Anton Lundell wins face-off versus Trent Frederic in neutral zone.
10:07 of 1st period - Minor Penalty to Tanner Jeannot for Tripping.
10:08 of 1st period - Pierre-Luc Dubois wins face-off versus Anton Lundell in EDMONTON ICE zone.
11:20 of 1st period - Off-side.
11:21 of 1st period - Pierre-Luc Dubois wins face-off versus Anton Lundell in neutral zone.
11:32 of 1st period - Icing by Pierre-Luc Dubois.
11:33 of 1st period - Anton Lundell wins face-off versus Elias Pettersson in RENO LIONS zone.
12:04 of 1st period - Icing by Brady Skjei.
12:05 of 1st period - Pierre-Luc Dubois wins face-off versus Anton Lundell in RENO LIONS zone.
12:09 of 1st period - Off-side.
12:10 of 1st period - Nick Bjugstad wins face-off versus Jack Eichel in neutral zone.
12:21 of 1st period - Dylan Strome is hit by Connor Carrick and loses puck.
12:48 of 1st period - Shot by Alex Tuch.
12:48 of 1st period - Stopped by Stuart Skinner without a rebound.
12:49 of 1st period - Pierre-Luc Dubois wins face-off versus Thomas Novak in RENO LIONS zone.
12:49 of 1st period - Elias Pettersson is hit by Scott Laughton and loses puck.
13:06 of 1st period - Shot by Kirill Kaprizov.
13:06 of 1st period - Shot Blocked by Shea Theodore.
13:47 of 1st period - Icing by Jarred Tinordi.
13:48 of 1st period - Nick Bjugstad wins face-off versus Dawson Mercer in EDMONTON ICE zone.
13:58 of 1st period - Icing by Zach Whitecloud.
13:59 of 1st period - Alex Steeves wins face-off versus Dawson Mercer in EDMONTON ICE zone.
14:18 of 1st period - Dawson Mercer is hit by Marian Studenic and loses puck.
15:08 of 1st period - Shot by Nick Bjugstad.
15:08 of 1st period - Stopped by Jonathan Quick without a rebound.
15:09 of 1st period - Thomas Novak wins face-off versus Kirill Kaprizov in EDMONTON ICE zone.
15:25 of 1st period - Shot by Evgeny Dadonov.
15:25 of 1st period - Shot Misses the Net.
15:27 of 1st period - Shot by Scott Laughton.
15:27 of 1st period - Shot Blocked by Brady Skjei.
16:04 of 1st period - Icing by Evgeny Dadonov.
16:05 of 1st period - Nick Bjugstad wins face-off versus Thomas Novak in EDMONTON ICE zone.
17:08 of 1st period - Shot by Gustav Nyquist.
17:08 of 1st period - Shot Misses the Net.
17:47 of 1st period - Shot by Anthony Beauvillier.
17:47 of 1st period - Stopped by Stuart Skinner with a rebound.
17:51 of 1st period - Shot by Dawson Mercer.
17:51 of 1st period - Goal by Dawson Mercer - RENO LIONS : 0 - EDMONTON ICE : 2.
17:52 of 1st period - Anthony Beauvillier wins face-off versus Pierre-Luc Dubois in neutral zone.
18:23 of 1st period - Shot by Kirill Kaprizov.
18:23 of 1st period - Stopped by Jonathan Quick without a rebound.
18:24 of 1st period - Nick Bjugstad wins face-off versus Jack Eichel in EDMONTON ICE zone.
18:24 of 1st period - Nick Bjugstad is hit by Michael Matheson.
18:48 of 1st period - Shot by Nick Bjugstad.
18:48 of 1st period - Stopped by Jonathan Quick with a rebound.
18:56 of 1st period - Shot by Marcus Foligno.
18:56 of 1st period - Shot Misses the Net.
18:58 of 1st period - Shot by Dylan Strome.
18:58 of 1st period - Shot Blocked by Michael Matheson.
19:00 of 1st period - Shot by Nick Bjugstad.
19:00 of 1st period - Shot Blocked by Shea Theodore.
19:02 of 1st period - Shot by Dylan Strome.
19:02 of 1st period - Stopped by Jonathan Quick with a rebound.
19:04 of 1st period - Shot by Oliver Ekman-Larsson.
19:04 of 1st period - Shot Blocked by Michael Matheson.
19:06 of 1st period - Shot by Marcus Foligno.
19:06 of 1st period - Goal by Marcus Foligno - RENO LIONS : 1 - EDMONTON ICE : 2.
19:07 of 1st period - Thomas Novak wins face-off versus Pierre-Luc Dubois in neutral zone.
19:30 of 1st period - Shot by Elias Pettersson.
19:30 of 1st period - Shot Misses the Net.
Goals for this period are 1 for RENO LIONS vs 2 for EDMONTON ICE.
Shots for this period are 6 for RENO LIONS vs 12 for EDMONTON ICE.

2nd period


0:01 of 2nd period - Nick Bjugstad wins face-off versus Jack Eichel in neutral zone.
0:17 of 2nd period - Jack Eichel is hit by Brady Skjei and loses puck.
0:28 of 2nd period - Icing by Brady Skjei.
0:29 of 2nd period - Dawson Mercer wins face-off versus Nick Bjugstad in RENO LIONS zone.
0:46 of 2nd period - Shot by Dylan Strome.
0:46 of 2nd period - Shot Misses the Net.
0:50 of 2nd period - Shot by Dylan Strome.
0:50 of 2nd period - Stopped by Jonathan Quick without a rebound.
0:51 of 2nd period - Jack Eichel wins face-off versus Trent Frederic in EDMONTON ICE zone.
0:59 of 2nd period - Trent Frederic is hit by Ryan Graves and loses puck.
1:06 of 2nd period - Shot by Oliver Ekman-Larsson.
1:06 of 2nd period - Shot Misses the Net.
1:57 of 2nd period - Icing by Ethan Bear.
1:58 of 2nd period - Pierre-Luc Dubois wins face-off versus Thomas Novak in RENO LIONS zone.
2:17 of 2nd period - Shot by Kirill Kaprizov.
2:17 of 2nd period - Stopped by Jonathan Quick with a rebound.
2:57 of 2nd period - Zach Whitecloud is hit by Brady Skjei and loses puck.
3:16 of 2nd period - Anthony Beauvillier is hit by Brady Skjei and loses puck.
3:22 of 2nd period - Off-side.
3:23 of 2nd period - Alex Tuch wins face-off versus Trent Frederic in neutral zone.
3:35 of 2nd period - Icing by Justin Schultz.
3:36 of 2nd period - Dawson Mercer wins face-off versus Trent Frederic in RENO LIONS zone.
3:45 of 2nd period - Shot by Dawson Mercer.
3:45 of 2nd period - Stopped by Stuart Skinner with a rebound.
4:07 of 2nd period - Shot by Oliver Ekman-Larsson.
4:07 of 2nd period - Stopped by Jonathan Quick without a rebound.
4:08 of 2nd period - Jack Eichel wins face-off versus Pierre-Luc Dubois in EDMONTON ICE zone.
4:47 of 2nd period - Shot by Jack Eichel.
4:47 of 2nd period - Deflect By Alex Tuch.
4:47 of 2nd period - Stopped by Stuart Skinner without a rebound.
4:48 of 2nd period - Nick Bjugstad wins face-off versus Thomas Novak in RENO LIONS zone.
4:48 of 2nd period - Nick Bjugstad is hit by Thomas Novak.
4:56 of 2nd period - Thomas Novak is hit by Marcus Foligno and loses puck.
5:04 of 2nd period - Nick Bjugstad is hit by Shea Theodore and loses puck.
5:13 of 2nd period - Shot by Nick Bjugstad.
5:13 of 2nd period - Stopped by Jonathan Quick with a rebound.
5:15 of 2nd period - Shot by Justin Schultz.
5:15 of 2nd period - Stopped by Jonathan Quick without a rebound.
5:16 of 2nd period - Alex Steeves wins face-off versus Dawson Mercer in EDMONTON ICE zone.
5:27 of 2nd period - Shot by Marian Studenic.
5:27 of 2nd period - Stopped by Jonathan Quick without a rebound.
5:28 of 2nd period - Pierre-Luc Dubois wins face-off versus Jack Eichel in EDMONTON ICE zone.
5:28 of 2nd period - Kirill Kaprizov is hit by Connor Carrick and loses puck.
6:35 of 2nd period - Thomas Novak is hit by Mattias Samuelsson and loses puck.
7:04 of 2nd period - Shot by Michael Matheson.
7:04 of 2nd period - Shot Blocked by Mattias Samuelsson.
7:26 of 2nd period - Shot by Marcus Foligno.
7:26 of 2nd period - Stopped by Jonathan Quick without a rebound.
7:27 of 2nd period - Alex Steeves wins face-off versus Anton Lundell in EDMONTON ICE zone.
8:27 of 2nd period - Shot by Jack Eichel.
8:27 of 2nd period - Shot Misses the Net.
8:47 of 2nd period - Shot by Marcus Foligno.
8:47 of 2nd period - Shot Blocked by Jack Eichel.
8:49 of 2nd period - Shot by Nick Bjugstad.
8:49 of 2nd period - Stopped by Jonathan Quick without a rebound.
8:50 of 2nd period - Thomas Novak wins face-off versus Trent Frederic in EDMONTON ICE zone.
9:07 of 2nd period - Shot by Thomas Novak.
9:07 of 2nd period - Shot Misses the Net.
9:21 of 2nd period - Trent Frederic is hit by Michael Matheson and loses puck.
9:26 of 2nd period - Shot by Patrick Brown.
9:26 of 2nd period - Shot Misses the Net.
9:45 of 2nd period - Shot by Nick Bjugstad.
9:45 of 2nd period - Stopped by Jonathan Quick without a rebound.
9:46 of 2nd period - Dawson Mercer wins face-off versus Pierre-Luc Dubois in EDMONTON ICE zone.
9:46 of 2nd period - Anthony Beauvillier is hit by Kirill Kaprizov and loses puck.
9:58 of 2nd period - Icing by Ryan Graves.
9:59 of 2nd period - Nick Bjugstad wins face-off versus Dawson Mercer in EDMONTON ICE zone.
9:59 of 2nd period - Minor Penalty to Connor Carrick for Holding.
10:00 of 2nd period - Pierre-Luc Dubois wins face-off versus Anton Lundell in EDMONTON ICE zone.
10:09 of 2nd period - Shot by Kirill Kaprizov.
10:09 of 2nd period - Stopped by Jonathan Quick without a rebound.
10:10 of 2nd period - Pierre-Luc Dubois wins face-off versus Anton Lundell in EDMONTON ICE zone.
10:45 of 2nd period - Shot by Elias Pettersson.
10:45 of 2nd period - Shot Misses the Net.
10:47 of 2nd period - Shot by Brady Skjei.
10:47 of 2nd period - Shot Misses the Net.
11:16 of 2nd period - Icing by Juuso Valimaki.
11:17 of 2nd period - Nick Bjugstad wins face-off versus Scott Laughton in RENO LIONS zone.
11:39 of 2nd period - Icing by Justin Schultz.
11:40 of 2nd period - Anton Lundell wins face-off versus Trent Frederic in RENO LIONS zone.
12:23 of 2nd period - Shea Theodore is hit by Marian Studenic and loses puck.
12:34 of 2nd period - Shot by Dawson Mercer.
12:34 of 2nd period - Stopped by Stuart Skinner without a rebound.
12:35 of 2nd period - Pierre-Luc Dubois wins face-off versus Jack Eichel in RENO LIONS zone.
12:52 of 2nd period - Shot by Kirill Kaprizov.
12:52 of 2nd period - Stopped by Jonathan Quick without a rebound.
12:53 of 2nd period - Thomas Novak wins face-off versus Nick Bjugstad in EDMONTON ICE zone.
12:53 of 2nd period - Thomas Novak is hit by Marcus Foligno.
13:41 of 2nd period - Juuso Valimaki is hit by Scott Laughton and loses puck.
14:09 of 2nd period - Thomas Novak is hit by Oliver Ekman-Larsson and loses puck.
14:38 of 2nd period - Shot by Jack Eichel.
14:38 of 2nd period - Shot Misses the Net.
14:50 of 2nd period - Shot by Gustav Nyquist.
14:50 of 2nd period - Stopped by Stuart Skinner with a rebound.
15:16 of 2nd period - Shot by Elias Pettersson.
15:16 of 2nd period - Stopped by Jonathan Quick without a rebound.
15:17 of 2nd period - Kirill Kaprizov wins face-off versus Dawson Mercer in EDMONTON ICE zone.
15:38 of 2nd period - Shot by Dawson Mercer.
15:38 of 2nd period - Stopped by Stuart Skinner without a rebound.
15:39 of 2nd period - Dylan Strome wins face-off versus Anthony Beauvillier in RENO LIONS zone.
16:33 of 2nd period - Icing by Juuso Valimaki.
16:34 of 2nd period - Nick Bjugstad wins face-off versus Jack Eichel in RENO LIONS zone.
16:57 of 2nd period - Shot by Jack Eichel.
16:57 of 2nd period - Stopped by Stuart Skinner without a rebound.
16:58 of 2nd period - Thomas Novak wins face-off versus Pierre-Luc Dubois in RENO LIONS zone.
17:23 of 2nd period - Shot by Elias Pettersson.
17:23 of 2nd period - Shot Misses the Net.
18:02 of 2nd period - Icing by Brady Skjei.
18:03 of 2nd period - Dawson Mercer wins face-off versus Trent Frederic in RENO LIONS zone.
18:07 of 2nd period - Icing by Mattias Samuelsson.
18:08 of 2nd period - Anthony Mantha wins face-off versus Trent Frederic in RENO LIONS zone.
18:19 of 2nd period - Shot by Anthony Beauvillier.
18:19 of 2nd period - Shot Misses the Net.
18:46 of 2nd period - Icing by Patrick Brown.
18:47 of 2nd period - Trent Frederic wins face-off versus Alex Tuch in RENO LIONS zone.
Goals for this period are 0 for RENO LIONS vs 0 for EDMONTON ICE.
Shots for this period are 12 for RENO LIONS vs 6 for EDMONTON ICE.

3rd period


0:01 of 3rd period - Nick Bjugstad wins face-off versus Jack Eichel in neutral zone.
0:04 of 3rd period - Shot by Nick Bjugstad.
0:04 of 3rd period - Stopped by Jonathan Quick with a rebound.
1:03 of 3rd period - Off-side.
1:04 of 3rd period - Pierre-Luc Dubois wins face-off versus Thomas Novak in neutral zone.
1:07 of 3rd period - Shot by Kirill Kaprizov.
1:07 of 3rd period - Stopped by Jonathan Quick without a rebound.
1:08 of 3rd period - Dawson Mercer wins face-off versus Pierre-Luc Dubois in EDMONTON ICE zone.
1:48 of 3rd period - Shot by Dawson Mercer.
1:48 of 3rd period - Stopped by Stuart Skinner without a rebound.
1:49 of 3rd period - Jack Eichel wins face-off versus Andreas Johnsson in RENO LIONS zone.
2:26 of 3rd period - Shot by Alex Tuch.
2:26 of 3rd period - Deflect By Jack Eichel.
2:26 of 3rd period - Shot Blocked by Juuso Valimaki.
2:53 of 3rd period - Icing by Brady Skjei.
2:54 of 3rd period - Nick Bjugstad wins face-off versus Thomas Novak in RENO LIONS zone.
3:02 of 3rd period - Shot by Dylan Strome.
3:02 of 3rd period - Shot Misses the Net.
3:04 of 3rd period - Shot by Nick Bjugstad.
3:04 of 3rd period - Shot Misses the Net.
3:57 of 3rd period - Icing by Elias Pettersson.
3:58 of 3rd period - Pierre-Luc Dubois wins face-off versus Dawson Mercer in RENO LIONS zone.
4:10 of 3rd period - Shot by Elias Pettersson.
4:10 of 3rd period - Shot Misses the Net.
4:20 of 3rd period - Shot by Kirill Kaprizov.
4:20 of 3rd period - Shot Misses the Net.
4:22 of 3rd period - Shot by Elias Pettersson.
4:22 of 3rd period - Shot Misses the Net.
4:29 of 3rd period - Minor Penalty to Jarred Tinordi for Hooking.
4:30 of 3rd period - Nick Bjugstad wins face-off versus Anton Lundell in EDMONTON ICE zone.
4:39 of 3rd period - Shot by Nick Bjugstad.
4:39 of 3rd period - Shot Misses the Net.
5:23 of 3rd period - Shot by Elias Pettersson.
5:23 of 3rd period - Deflect By Kirill Kaprizov.
5:23 of 3rd period - Shot Misses the Net.
5:34 of 3rd period - Icing by Pierre-Luc Dubois.
5:35 of 3rd period - Scott Laughton wins face-off versus Pierre-Luc Dubois in RENO LIONS zone.
6:21 of 3rd period - Shot by Dylan Strome.
6:21 of 3rd period - Shot Hit the Post.
6:23 of 3rd period - Shot by Juuso Valimaki.
6:23 of 3rd period - Stopped by Jonathan Quick without a rebound.
6:24 of 3rd period - Anton Lundell wins face-off versus Nick Bjugstad in EDMONTON ICE zone.
6:34 of 3rd period - Off-side.
6:35 of 3rd period - Dylan Strome wins face-off versus Jack Eichel in neutral zone.
6:39 of 3rd period - Off-side.
6:40 of 3rd period - Nick Bjugstad wins face-off versus Jack Eichel in neutral zone.
6:59 of 3rd period - Icing by Jack Eichel.
7:00 of 3rd period - Pierre-Luc Dubois wins face-off versus Jack Eichel in EDMONTON ICE zone.
7:31 of 3rd period - Elias Pettersson is hit by Jack Eichel and loses puck.
8:16 of 3rd period - Icing by Michael Matheson.
8:17 of 3rd period - Thomas Novak wins face-off versus Trent Frederic in EDMONTON ICE zone.
8:22 of 3rd period - Justin Schultz is hit by Scott Laughton and loses puck.
8:43 of 3rd period - Shot by Scott Laughton.
8:43 of 3rd period - Shot Blocked by Oliver Ekman-Larsson.
8:45 of 3rd period - Shot by Evgeny Dadonov.
8:45 of 3rd period - Stopped by Stuart Skinner without a rebound.
8:46 of 3rd period - Nick Bjugstad wins face-off versus Dawson Mercer in RENO LIONS zone.
8:46 of 3rd period - Nick Bjugstad is hit by Jarred Tinordi.
8:49 of 3rd period - Dylan Strome is hit by Anthony Beauvillier.
8:50 of 3rd period - Double Minor Penalty to Anthony Mantha for High sticking.
8:51 of 3rd period - Anton Lundell wins face-off versus Pierre-Luc Dubois in EDMONTON ICE zone.
9:02 of 3rd period - Shot by Tanner Jeannot.
9:02 of 3rd period - Shot Misses the Net.
9:04 of 3rd period - Shot by Zach Whitecloud.
9:04 of 3rd period - Shot Blocked by Elias Pettersson.
9:21 of 3rd period - Off-side.
9:22 of 3rd period - Anton Lundell wins face-off versus Nick Bjugstad in neutral zone.
9:22 of 3rd period - Jarred Tinordi is hit by Nick Bjugstad and loses puck.
9:39 of 3rd period - Shot by Oliver Ekman-Larsson.
9:39 of 3rd period - Stopped by Jonathan Quick without a rebound.
9:40 of 3rd period - Pierre-Luc Dubois wins face-off versus Scott Laughton in EDMONTON ICE zone.
9:49 of 3rd period - Shot by Kirill Kaprizov.
9:49 of 3rd period - Shot Misses the Net.
10:00 of 3rd period - Shot by Elias Pettersson.
10:00 of 3rd period - Shot Misses the Net.
10:49 of 3rd period - Shot by Nick Bjugstad.
10:49 of 3rd period - Shot Misses the Net.
10:51 of 3rd period - Shot by Nick Bjugstad.
10:51 of 3rd period - Shot Blocked by Anton Lundell.
10:59 of 3rd period - Shot by Trent Frederic.
10:59 of 3rd period - Shot Misses the Net.
11:01 of 3rd period - Shot by Brady Skjei.
11:01 of 3rd period - Shot Misses the Net.
11:03 of 3rd period - Shot by Nick Bjugstad.
11:03 of 3rd period - Shot Misses the Net.
11:05 of 3rd period - Shot by Nick Bjugstad.
11:05 of 3rd period - Stopped by Jonathan Quick without a rebound.
11:06 of 3rd period - Anton Lundell wins face-off versus Pierre-Luc Dubois in EDMONTON ICE zone.
11:06 of 3rd period - Anton Lundell is hit by Kirill Kaprizov.
11:31 of 3rd period - Shot by Kirill Kaprizov.
11:31 of 3rd period - Shot Misses the Net.
12:36 of 3rd period - Shot by Kirill Kaprizov.
12:36 of 3rd period - Stopped by Jonathan Quick without a rebound.
12:37 of 3rd period - Nick Bjugstad wins face-off versus Anton Lundell in EDMONTON ICE zone.
13:06 of 3rd period - Shot by Alex Steeves.
13:06 of 3rd period - Shot Misses the Net.
13:08 of 3rd period - Shot by Mattias Samuelsson.
13:08 of 3rd period - Goal by Mattias Samuelsson - RENO LIONS : 2 - EDMONTON ICE : 2.
13:09 of 3rd period - Anthony Mantha wins face-off versus Nick Bjugstad in neutral zone.
13:34 of 3rd period - Shot by Nick Bjugstad.
13:34 of 3rd period - Stopped by Jonathan Quick without a rebound.
13:35 of 3rd period - Pierre-Luc Dubois wins face-off versus Thomas Novak in EDMONTON ICE zone.
14:43 of 3rd period - Shot by Gustav Nyquist.
14:43 of 3rd period - Stopped by Stuart Skinner without a rebound.
14:44 of 3rd period - Dawson Mercer wins face-off versus Marcus Foligno in RENO LIONS zone.
14:54 of 3rd period - Icing by Mattias Samuelsson.
14:55 of 3rd period - Nick Bjugstad wins face-off versus Jack Eichel in RENO LIONS zone.
15:12 of 3rd period - Shot by Nick Bjugstad.
15:12 of 3rd period - Shot Blocked by Jack Eichel.
15:19 of 3rd period - Off-side.
15:20 of 3rd period - Anthony Beauvillier wins face-off versus Pierre-Luc Dubois in neutral zone.
15:23 of 3rd period - Ethan Bear is hit by Anthony Beauvillier and loses puck.
15:33 of 3rd period - Shot by Kirill Kaprizov.
15:33 of 3rd period - Stopped by Jonathan Quick without a rebound.
15:34 of 3rd period - Thomas Novak wins face-off versus Nicholas Ritchie in EDMONTON ICE zone.
15:34 of 3rd period - Thomas Novak is hit by Nicholas Ritchie.
15:56 of 3rd period - Trent Frederic is hit by Joshua Mahura.
16:30 of 3rd period - Mattias Samuelsson is hit by Scott Laughton and loses puck.
16:45 of 3rd period - Shot by Marcus Foligno.
16:45 of 3rd period - Stopped by Jonathan Quick without a rebound.
16:46 of 3rd period - Pierre-Luc Dubois wins face-off versus Anthony Beauvillier in EDMONTON ICE zone.
16:46 of 3rd period - Pierre-Luc Dubois is hit by Michael Matheson.
17:25 of 3rd period - Shot by Dawson Mercer.
17:25 of 3rd period - Stopped by Stuart Skinner without a rebound.
17:26 of 3rd period - Jack Eichel wins face-off versus Nick Bjugstad in RENO LIONS zone.
17:59 of 3rd period - Shot by Alex Tuch.
17:59 of 3rd period - Shot Misses the Net.
18:01 of 3rd period - Shot by Jack Eichel.
18:01 of 3rd period - Shot Misses the Net.
18:03 of 3rd period - Shot by Alex Tuch.
18:03 of 3rd period - Shot Misses the Net.
18:05 of 3rd period - Shot by Alex Tuch.
18:05 of 3rd period - Stopped by Stuart Skinner without a rebound.
18:06 of 3rd period - Pierre-Luc Dubois wins face-off versus Anton Lundell in RENO LIONS zone.
18:06 of 3rd period - Pierre-Luc Dubois is hit by Tanner Jeannot.
18:16 of 3rd period - Shot by Anthony Beauvillier.
18:16 of 3rd period - Shot Misses the Net.
19:07 of 3rd period - Brady Skjei is hit by Scott Laughton.
19:55 of 3rd period - Icing by Mattias Samuelsson.
19:56 of 3rd period - Jack Eichel wins face-off versus Pierre-Luc Dubois in RENO LIONS zone.
Goals for this period are 1 for RENO LIONS vs 0 for EDMONTON ICE.
Shots for this period are 10 for RENO LIONS vs 5 for EDMONTON ICE.

Overtime #1


0:01 of 1st overtime period - Scott Laughton wins face-off versus Pierre-Luc Dubois in neutral zone.
0:04 of 1st overtime period - Shot by Jack Eichel.
0:04 of 1st overtime period - Shot Misses the Net.
0:06 of 1st overtime period - Shot by Jack Eichel.
0:06 of 1st overtime period - Stopped by Stuart Skinner with a rebound.
0:15 of 1st overtime period - Shot by Jack Eichel.
0:15 of 1st overtime period - Stopped by Stuart Skinner without a rebound.
0:16 of 1st overtime period - Jack Eichel wins face-off versus Elias Pettersson in RENO LIONS zone.
0:17 of 1st overtime period - Shot by Alex Tuch.
0:17 of 1st overtime period - Shot Misses the Net.
0:41 of 1st overtime period - Shot by Alex Tuch.
0:41 of 1st overtime period - Stopped by Stuart Skinner with a rebound.
2:14 of 1st overtime period - Shot by Dawson Mercer.
2:14 of 1st overtime period - Deflect By Alex Tuch.
2:14 of 1st overtime period - Shot Misses the Net.
2:32 of 1st overtime period - Shot by Alex Tuch.
2:32 of 1st overtime period - Deflect By Dawson Mercer.
2:32 of 1st overtime period - Stopped by Stuart Skinner with a rebound.
2:35 of 1st overtime period - Icing by Mattias Samuelsson.
2:36 of 1st overtime period - Jack Eichel wins face-off versus Nick Bjugstad in RENO LIONS zone.
2:51 of 1st overtime period - Shot by Nick Bjugstad.
2:51 of 1st overtime period - Shot Misses the Net.
3:10 of 1st overtime period - Off-side.
3:11 of 1st overtime period - Jack Eichel wins face-off versus Elias Pettersson in neutral zone.
3:24 of 1st overtime period - Shot by Jack Eichel.
3:24 of 1st overtime period - Goal by Jack Eichel - RENO LIONS : 2 - EDMONTON ICE : 3.
Goals for this period are 0 for RENO LIONS vs 1 for EDMONTON ICE.
Shots for this period are 0 for RENO LIONS vs 5 for EDMONTON ICE.


OWEN
TIPPETT
GUSTAV
FORSLING
MATTHEW
BOLDY

EAST COAST

HOCKEY LEAGUE

  • 67.PIT4RHI2
  • 68.ATL5WOR3
  • 69.QUECHW
  • 70.CHATRV